 Dungeon Crawl Stone Soup version 0.14-a0-1876-g927fc3a (webtiles) character file.

648 Piginabag the Covered (level 7, 27/47 HPs)
             Began as a Formicid Fighter on Jan 16, 2014.
             Quit the game on Level 5 of the Dungeon.
             The game lasted 00:07:22 (6348 turns).

Piginabag the Covered (Formicid Fighter)            Turns: 6348, Time: 00:07:22

HP  27/47        AC  8     Str 21      XL: 7   Next: 51%
MP   7/7         EV  6     Int  7      God:
Gold 194         SH 18     Dex 10      Spells:  0 memorised,  6 levels left

rFire  . . .     SeeInvis +     a - +0 mace
rCold  . . .     Clarity  +     b - +0 scale mail
rNeg   . . .     Conserve .     c - +0 shield
rPois  x         rCorr    .     (helmet unavailable)
rElec  .         rRot     .     (no cloak)
SustAb . .       Spirit   .     (no gloves)
rMut   .         Warding  .     (no boots)
Saprov . . .     Stasis   +     (no amulet)
MR     .....                    (no ring)
                                (no ring)

@: very poisoned, not resistant to hostile enchantments, extremely unstealthy
A: permanent stasis, dig shafts and tunnels, four strong arms, poison weakness,
antennae 3, clarity, slow metabolism 1, weak 1, exoskeleton 1
a: Dig, Shaft Self


You were on level 5 of the Dungeon.
You were hungry.

You visited 1 branch of the dungeon, and saw 5 of its levels.

You collected 194 gold pieces.

Inventory:

Hand weapons
 a - a +0,+0 mace (weapon)
Armour
 b - a +0 scale mail (worn)
 c - a +0 shield (worn)
 v - a +0 leather armour
Magical devices
 i - a wand of frost (11) {unknown}
Comestibles
 d - a bread ration
 f - a lemon
 k - 3 chokos
 q - 3 meat rations
 t - 3 apples
 u - 2 pears
 z - 2 chunks of worm flesh
Scrolls
 e - 2 scrolls of fear {unknown}
 g - 2 scrolls of curse jewellery {unknown}
 h - 5 scrolls of remove curse {unknown}
 j - 6 scrolls of identify {unknown}
 m - 2 scrolls of magic mapping {unknown}
 n - a scroll of amnesia {unknown}
 o - a scroll of teleportation {unknown}
 p - a scroll of random uselessness {unknown}
 r - a scroll of recharging {unknown}
 x - a scroll of enchant weapon I {unknown}
Potions
 l - a potion of restore abilities
 w - a potion of berserk rage {unknown}
Books
 s - a book of the Warp

   Spells                             Type                      Level
   Recall                             Summoning/Translocation      3
   Control Teleport                   Charms/Translocation         4
   Phase Shift                        Translocation                5
   Warp Weapon                        Charms/Translocation         5
   Dispersal                          Translocation                6
   Controlled Blink                   Translocation                7
   Disjunction                        Translocation                8


   Skills:
 + Level 3.7 Fighting
 + Level 3.5 Maces & Flails
 + Level 6.1 Armour
 + Level 3.8 Dodging
 - Level 3.0 Shields


You had 6 spell levels left.
You didn't know any spells.

Dungeon Overview and Level Annotations

Branches:
Dungeon (5/16)
 Temple: D:4-7

Altars:

Annotations:
D:2 Sigmund
D:4 Dowan, Duvessa


Innate Abilities, Weirdness & Mutations

Your are under a permanent stasis effect.
You can dig through walls and to a lower floor.
Your four strong arms can wield any weapon, most with a shield.
You are susceptible to poison.
You have a pair of large antennae on your head (SInv).
Your body is surrounded by an exoskeleton. (HP +5, AC +1)
You possess an exceptional clarity of mind.
You have a slow metabolism.
You are weak. (Str -2)


Message History

The kobold unwields an uncursed blowgun.
The kobold hits you but does no damage.
You closely miss the kobold.
You feel very sick.
The crimson imp blinks!
The kobold closely misses you.
You barely miss the kobold.
You feel very sick. The kobold hits you but does no damage.
You block the kobold's attack.
You barely miss the kobold.
You feel very sick.
The crimson imp blinks!
The kobold barely misses you.
You hit the kobold.
You kill the kobold!
You feel sick.
You feel sick.
Things that are here:
an uncursed blowgun; 3 poisoned needles Drink which item? (? for menu, Esc to quit)
Okay, then.
Are you sure you want to abandon this character and quit the game? (Confirm with "yes".)

. #.# . #.##.# #.##.#
.# ########.##.# .#
.........##.##.#..
.........#.....#...
....?...............
......5.@.#.........
...........(.........
........##.(........
........##.(..##.##.
#######.##<<..#
#.####### #.# #.# ...


You could see a crimson imp.

Vanquished Creatures
  The ghost of Piginabag the Ruffian, an average FoMo (D:3)
  A giant frog (D:4)
  A hound (D:4)
  An iguana (D:4)
  A worker ant (D:4)
  A scorpion (D:4)
  Terence (D:3)
  8 adders
  5 worms
  2 giant geckos
  An ooze (D:1)
  7 orcs
  7 giant cockroaches (D:1)
  12 goblins
  5 hobgoblins
  6 jackals
  6 kobolds
  A quokka (D:2)
  A ball python (D:4)
  10 bats
  A giant gecko skeleton (D:4)
  6 giant newts
  10 rats
95 creatures vanquished.

Notes
Turn   | Place    | Note
--------------------------------------------------------------
     0 | D:1      | Piginabag, the Formicid Fighter, began the quest for the Orb.
     0 | D:1      | Reached XP level 1. HP: 19/19 MP: 1/1
    41 | D:1      | Reached XP level 2. HP: 21/24 MP: 2/2
   159 | D:1      | Reached skill level 4 in Armour
   289 | D:1      | Reached XP level 3. HP: 18/28 MP: 3/3
   873 | D:1      | Reached skill level 1 in Dodging
  1238 | D:2      | Reached XP level 4. HP: 29/33 MP: 4/4
  1258 | D:2      | Noticed Sigmund
  1997 | D:2      | Reached XP level 5. HP: 30/37 MP: 5/5
  2009 | D:3      | Noticed Piginabag's ghost (average FoMo)
  2826 | D:3      | Gained mutation: You have a slow metabolism. [potion of mutation]
  2826 | D:3      | Gained mutation: You are weak. (Str -2) [potion of mutation]
  2826 | D:3      | Gained mutation: You possess an exceptional clarity of mind. [potion of mutation]
  2847 | D:3      | HP: 1/37 [Piginabag's ghost (6)]
  2848 | D:3      | You fall through a shaft!
  3705 | D:4      | Reached skill level 5 in Armour
  3705 | D:4      | Reached XP level 6. HP: 18/42 MP: 6/6
  4416 | D:4      | Noticed Piginabag's ghost (average FoMo)
  4723 | D:3      | Reached XP level 7. HP: 43/46 MP: 7/7
  4818 | D:3      | Killed Piginabag's ghost
  5133 | D:3      | Noticed Terence
  5167 | D:3      | Killed Terence
  5428 | D:3      | Reached skill level 6 in Armour
  6304 | D:4      | Noticed Duvessa
  6304 | D:4      | Noticed Dowan
  6335 | D:5      | Entered Level 5 of the Dungeon
  6348 | D:5      | Quit the game

Action                   |  1- 3 |  4- 6 |  7- 9 || total
-------------------------+-------+-------+-------++-------
Melee: Mace              |   137 |   200 |   170 ||   507
 Abil: Shaft Self        |       |     1 |       ||     1
  Use: Potion            |       |     8 |     3 ||    11
